 Dungeon Crawl Stone Soup version 0.28-a0-1080-g05a166d0ed (webtiles) character file.

Game seed: 8783882201631055488

36 ytrimaz the Insei (level 3, -3/27 HPs)
             Began as a Demonspawn Transmuter on Dec 9, 2021.
             Killed by nerve-wracking pain
             ... invoked by a shadow imp
             ... summoned by Natasha
              (12 damage)
             ... on level 2 of the Dungeon.
             The game lasted 00:01:20 (1408 turns).

ytrimaz the Insei (Demonspawn Transmuter)           Turns: 1408, Time: 00:01:20

Health: -3/27      AC:  2    Str: 10    XL:     3   Next: 19%
Magic:  0/6        EV: 12    Int: 16    God:
Gold:   69         SH:  0    Dex: 13    Spells: 5/6 levels left

rFire   . . .      SeeInvis .     - Unarmed
rCold   . . .      Faith    .   (no shield)
rNeg    . . .      Spirit   +   a - +0 robe
rPois   .          Reflect  .   (no helmet)
rElec   .          Harm     .   (no cloak)
rCorr   .          Rampage  .   (no gloves)
Will    .....                   (no boots)
Stlth   +.........              d - amulet of guardian spirit
HPRegen 0.09/turn               (no ring)
MPRegen 0.10/turn               (no ring)

@: slowed, very slow
A: demonic touch 1
a: no special abilities


You were on level 2 of the Dungeon.
You visited 1 branch of the dungeon, and saw 2 of its levels.

You collected 69 gold pieces.

Inventory:

Armour
 a - a +0 robe (worn)
Jewellery
 c - a ring of poison resistance
 d - an amulet of guardian spirit (around neck)
Potions
 b - a potion of lignification {unknown}
 e - a potion of degeneration {unknown}


   Skills:
 * Level 1.6 Fighting
 - Level 1.7 Dodging
 + Level 3.2 Unarmed Combat
 + Level 2.3 Spellcasting
 + Level 2.1 Transmutations


You had 5 spell levels left.
You knew the following spells:

 Your Spells              Type           Power      Damage    Failure   Level
a - Beastly Appendage     Tmut           16%        N/A       9%          1

Your spell library contained the following spells:

 Spells                   Type           Power      Damage    Failure   Level
 Wereblood                Tmut           8%         N/A       13%         2
 Spider Form              Tmut/Pois      5%         N/A       36%         3
 Ice Form                 Ice/Tmut       5%         N/A       78%         4


Dungeon Overview and Level Annotations

Branches:
Dungeon (2/15)

Altars:

Annotations:
D:2 Natasha


Innate Abilities, Weirdness & Mutations

Your touch may inflict minor irresistible damage on your foes.


Message History

Magic restored.
Found a stone staircase leading up.
Your horns disappear.
Your talons disappear.
Found a hunting sling.
You now have 69 gold pieces (gained 9).
An adder and Natasha come into view.
Natasha hisses angrily.
The adder hisses angrily.
Natasha stares at you and mumbles some strange words.
You feel yourself slow down.
An adder comes into view.
Found a stone staircase leading up.
The adder bites you.
You punch the adder! Your touch misses the adder.
The adder is severely wounded.
The adder closely misses you.
You miss the adder.
The adder is severely wounded.
The adder bites you. The adder misses you.
Natasha extends her claws.
You hit the adder.
You touch the adder.
You kill the adder!
Natasha barely misses you. x2
You have reached level 3!
Your experience leads to an increase in your attributes!
Increase (S)trength, (I)ntelligence, or (D)exterity?
You feel clever. x2
Unknown command.
Natasha growls.
Natasha casts a spell at you. You resist with significant effort.
Natasha claws you! Natasha barely misses you.
Natasha mumbles some strange words.
The shadow imp hits you.
There is a stone staircase leading up here.
Natasha barely misses you. The shadow imp misses you. The adder bites you.
Natasha casts a spell at you. The magic dart hits you.
The shadow imp gestures at you. Pain shoots through your body!
You die...

... .... ...# .
#..## ###.. #
...####.... .# #
#......# ##.#.#
##### #....####....#
#<).####.#.......###
###........5@..)....
#####.###Sh###.##.
#.# #...##.#
.......#....#
.#########..## ##
##..# #..# ##.#
#........


You could see Natasha, an adder and a shadow imp (summoned).

Vanquished Creatures
  An adder (D:2)
  An endoplasm (D:1)
  A giant cockroach (D:1)
  2 goblins (D:1)
  3 hobgoblins (D:1)
  2 quokkas
  3 ball pythons (D:1)
  A bat (D:1)
  2 frilled lizards (D:1)
  9 kobolds
  2 rats (D:1)
27 creatures vanquished.

Notes
Turn   | Place    | Note
-------+----------+-------------------------------------------
     0 | D:1      | ytrimaz the Demonspawn Transmuter began the quest for the
                  | Orb.
     0 | D:1      | Reached XP level 1. HP: 15/15 MP: 3/3
   360 | D:1      | Reached skill level 3 in Unarmed Combat
   360 | D:1      | Gained mutation: Your touch may inflict minor irresistible
                  | damage on your foes. [demonic ancestry]
   360 | D:1      | Reached XP level 2. HP: 12/21 MP: 3/5
  1396 | D:2      | Noticed Natasha
  1401 | D:2      | Reached XP level 3. HP: 19/27 MP: 6/6
  1408 | D:2      | Killed from afar by a shadow imp

Illustrated notes

Levels and vault maps discovered:
D:1:      matt_arrival_los_fun, layout_rooms, minmay_misc_feat_plants,
          minmay_misc_feat_pillars
D:2:      layout_rooms, serial_shops, shop, uniq_jessica, uniq_natasha

Skill      XL: |  1  2 |
---------------+-------+-----
Unarmed Combat | 3 |  3.2
Transmutations | 2 |  2.1
Fighting       | |  1.6
Dodging        | |  1.7
Spellcasting   | |  2.3

Action                   || total
-------------------------++-------
Melee: Unarmed           ||    82
       Headbutt          ||     6
       Kick              ||     4
       Touch             ||     4
 Cast: Beastly Appendage ||    13
  Use: Scroll            ||     1
Armor: Robe              ||    10
Dodge: Dodged            ||    55

Table legend: (Time is in decaauts)
 A = Elapsed time spent in this place.
 B = Non-inter-level travel time spent in this place.
 C = Inter-level travel time spent in this place.
 D = Time resting spent in this place.
 E = Time spent auto-exploring this place.
 F = Levels seen in this place.
 G = Mean time per level.
                   A        B        C        D        E       F      G
               +--------+--------+--------+--------+--------+-----+--------+
         Total |   1409 |   1354 |     55 |      0 |   1107 |   2 |  704.5 |
       Dungeon |   1409 |   1354 |     55 |      0 |   1107 |   2 |  704.5 |
               +--------+--------+--------+--------+--------+-----+--------+

Top non-repeatable levels by time:
     D:1: 1356 daAuts
     D:2: 53 daAuts
